[Event "39th Olympiad Khanty-Mansiysk 2010"]
[Site "Khanty-Mansiysk/Russia"]
[Date "2010.09.21"]
[Round "1"]
[White "Mrvova, Alena"]
[Black "Marmono, Roslina"]
[Result "1-0"]
[WhiteElo "2253"]
[BlackElo "1933"]
[PlyCount "133"]
[EventDate "2010.??.??"]
[WhiteTeam "Slovakia"]
[BlackTeam "Malaysia"]
[WhiteTeamCountry "SVK"]
[BlackTeamCountry "MAS"]
[TimeControl "40/5400+30:1800+30"]

1. e4 e6 2. d4 d5 3. Nd2 Nf6 4. e5 Nfd7 5. Bd3 a6 6. Ne2 c5 7. c3 Nc6 8. O-O
Qb6 9. Nf3 h6 10. a3 c4 11. Bc2 Na5 12. Rb1 Qc7 13. Nf4 Nb6 14. b4 cxb3 15.
Bxb3 Bd7 16. Bc2 Nac4 17. Ra1 Rc8 18. Ne2 Be7 19. Ne1 Bc6 20. Qd3 Bb5 21. Qf3
Bxa3 22. Bxa3 Nd2 23. Qg4 g5 24. Nd3 Nxf1 25. Rxf1 Nc4 26. Bc1 Qe7 27. f4 h5
28. Qxg5 Qxg5 29. fxg5 b6 30. Rf2 a5 31. Nb2 Na3 32. Ba4 Bxa4 33. Nxa4 Nc4 34.
Nf4 Rh7 35. Ra2 h4 36. Nb2 Nxb2 37. Bxb2 Rg7 38. g6 Rc6 39. gxf7+ Kxf7 40. Ne2
Rc8 41. Bc1 Ke7 42. Bd2 Kd7 43. Be1 Rg4 44. g3 hxg3 45. Nxg3 Rf8 46. Kg2 Ra8
47. Kf3 Rg6 48. Nh5 Rh8 49. Nf6+ Kc6 50. Bg3 Ra8 51. h4 a4 52. h5 Rg7 53. h6
Rga7 54. Bf4 Rh8 55. Ke3 Kb5 56. Kd3 Ka5 57. Bd2 Kb5 58. Bc1 Rc7 59. Rg2 Rhc8
60. Bb2 a3 61. Ba1 Rh8 62. Rg7 Rxh6 63. Rxc7 Rh1 64. Kc2 Rxa1 65. Kb3 Ka6 66.
Rc6 Kb5 67. Rc8 1-0

[Event "39th Olympiad Khanty-Mansiysk 2010"]
[Site "Khanty-Mansiysk/Russia"]
[Date "2010.09.21"]
[Round "1"]
[White "Hoolt, Sarah"]
[Black "Abarca Gonzalez, Damaris"]
[Result "1-0"]
[WhiteElo "2251"]
[BlackElo "1991"]
[PlyCount "109"]
[EventDate "2010.??.??"]
[WhiteTeam "Germany"]
[BlackTeam "Chile"]
[WhiteTeamCountry "GER"]
[BlackTeamCountry "CHI"]
[TimeControl "40/5400+30:1800+30"]

1. e4 e5 2. Nf3 Nc6 3. Bc4 Nf6 4. d3 Bc5 5. Bb3 d6 6. c3 a6 7. O-O O-O 8. Nbd2
Be6 9. h3 Qd7 10. Re1 Rfe8 11. Bc2 h6 12. Nf1 Ba7 13. d4 exd4 14. cxd4 d5 15.
e5 Nh7 16. Ng3 Nf8 17. Be3 Ne7 18. Nh4 Nfg6 19. Nxg6 fxg6 20. Ne2 Bf5 21. Bb3
Kh8 22. g4 Be6 23. Nf4 Bg8 24. Bc2 g5 25. Nh5 c5 26. dxc5 Nc6 27. Bd4 Nxd4 28.
Qxd4 Qe7 29. b4 a5 30. a3 Bb8 31. e6 axb4 32. Bg6 Rf8 33. Bf7 Rxf7 34. exf7
Qxf7 35. axb4 Rxa1 36. Qxa1 Qc7 37. Ng3 Bf7 38. Qd4 Kg8 39. Nf5 Qh2+ 40. Kf1
Qh1+ 41. Ke2 Qe4+ 42. Qxe4 dxe4 43. Rd1 Bf4 44. Rd8+ Kh7 45. Rd7 Bc4+ 46. Ke1
Be5 47. Rxb7 Bd5 48. Rb6 Bc7 49. Ra6 Be5 50. b5 Bc4 51. Rb6 g6 52. Rb7+ Kh8 53.
Nd6 Bc3+ 54. Kd1 Bb3+ 55. Ke2 1-0

[Event "39th Olympiad Khanty-Mansiysk 2010"]
[Site "Khanty-Mansiysk/Russia"]
[Date "2010.09.21"]
[Round "1"]
[White "Montalvo, Alejandro"]
[Black "Mastrovasilis, Dimitrios"]
[Result "0-1"]
[WhiteElo "2250"]
[BlackElo "2569"]
[PlyCount "42"]
[EventDate "2010.??.??"]
[WhiteTeam "Puerto Rico"]
[BlackTeam "Greece"]
[WhiteTeamCountry "PUR"]
[BlackTeamCountry "GRE"]
[TimeControl "40/5400+30:1800+30"]

1. d4 d5 2. Nf3 Nf6 3. g3 Bg4 4. Bg2 e6 5. O-O Nbd7 6. c4 c6 7. b3 a5 8. Nc3
Be7 9. h3 Bh5 10. Bf4 O-O 11. g4 Bg6 12. Ne5 Nxe5 13. dxe5 Nd7 14. cxd5 exd5
15. Bg3 Bb4 16. Qc1 f6 17. a3 Be7 18. exf6 Bxf6 19. Ra2 Qb6 20. Qd2 Kh8 21. e4
Qxb3 0-1

[Event "39th Olympiad Khanty-Mansiysk 2010"]
[Site "Khanty-Mansiysk/Russia"]
[Date "2010.09.21"]
[Round "1"]
[White "Pitterson, Jomo"]
[Black "Elsness, Frode"]
[Result "1-0"]
[WhiteElo "2242"]
[BlackElo "2485"]
[PlyCount "93"]
[EventDate "2010.??.??"]
[WhiteTeam "Jamaica"]
[BlackTeam "Norway"]
[WhiteTeamCountry "JAM"]
[BlackTeamCountry "NOR"]
[TimeControl "40/5400+30:1800+30"]

1. d4 Nf6 2. c4 g6 3. Nc3 d5 4. cxd5 Nxd5 5. e4 Nxc3 6. bxc3 Bg7 7. Bg5 c5 8.
Rc1 O-O 9. Nf3 Bg4 10. d5 Qd6 11. Be2 f5 12. Nd2 Bxe2 13. Qxe2 fxe4 14. Nxe4
Qxd5 15. O-O Nc6 16. Rcd1 Qf5 17. f4 Rad8 18. Qc4+ Kh8 19. Ng3 Qc2 20. Rc1 Qb2
21. Ne4 Rf5 22. Rb1 Qa3 23. Rxb7 Na5 24. Qa6 Bxc3 25. Rxe7 Rdf8 26. Qxa7 Bd4+
27. Kh1 Qd3 28. Ng3 Rxg5 29. Rf7 Rf5 30. Rxf8+ Rxf8 31. Qxa5 c4 32. Qa4 Rd8 33.
Rd1 Qe3 34. Qxc4 Bf6 35. Rxd8+ Bxd8 36. Ne2 Bb6 37. Qc3+ Kg8 38. Qxe3 Bxe3 39.
g3 Kf7 40. Kg2 Ke6 41. Kf3 Bc5 42. Ke4 h5 43. Nd4+ Kd6 44. f5 g5 45. f6 Bb6 46.
a4 Kd7 47. f7 1-0

[Event "39th Olympiad Khanty-Mansiysk 2010"]
[Site "Khanty-Mansiysk/Russia"]
[Date "2010.09.21"]
[Round "1"]
[White "Paridar, Shadi"]
[Black "Awad, Omaima"]
[Result "0-1"]
[WhiteElo "2242"]
[BlackElo "1669"]
[PlyCount "38"]
[EventDate "2010.??.??"]
[WhiteTeam "Iran"]
[BlackTeam "Yemen"]
[WhiteTeamCountry "IRI"]
[BlackTeamCountry "YEM"]
[TimeControl "40/5400+30:1800+30"]

1. e4 e5 2. Nf3 Nc6 3. Bb5 a6 4. Ba4 Nf6 5. O-O b5 6. Bb3 Bc5 7. c3 O-O 8. Nxe5
Nxe5 9. d4 Bxd4 10. cxd4 Ng6 11. e5 Ne8 12. f4 d6 13. f5 Nh4 14. Bd5 Rb8 15. f6
dxe5 16. dxe5 Bb7 17. Nc3 Bxd5 18. Nxd5 Kh8 19. Bg5 Rb7 0-1

[Event "39th Olympiad Khanty-Mansiysk 2010"]
[Site "Khanty-Mansiysk/Russia"]
[Date "2010.09.21"]
[Round "1"]
[White "Warner, Delisle"]
[Black "Markos, Jan"]
[Result "1/2-1/2"]
[WhiteElo "2240"]
[BlackElo "2566"]
[PlyCount "96"]
[EventDate "2010.??.??"]
[WhiteTeam "Barbados"]
[BlackTeam "Slovakia"]
[WhiteTeamCountry "BAR"]
[BlackTeamCountry "SVK"]
[TimeControl "40/5400+30:1800+30"]

1. d4 Nf6 2. c4 e6 3. g3 Bb4+ 4. Bd2 c5 5. Bxb4 cxb4 6. Bg2 O-O 7. Nf3 Qc7 8.
Nbd2 d6 9. O-O e5 10. Qb3 a5 11. a3 Na6 12. axb4 Nxb4 13. Rfc1 Bf5 14. c5 e4
15. Ne1 d5 16. Nc2 Nxc2 17. Qxc2 h5 18. Nf1 h4 19. Qd2 Be6 20. Qf4 Qxf4 21.
gxf4 h3 22. Bh1 Nh5 23. e3 f5 24. Ra3 Ra6 25. Rca1 Rfa8 26. Ng3 Nf6 27. f3 Bc8
28. Kf2 b6 29. Ne2 Rb8 30. Rb3 a4 31. Rb4 b5 32. Nc3 Bd7 33. Kg3 Kf7 34. Kxh3
Rh8+ 35. Kg3 Ne8 36. h3 Nc7 37. Bg2 Rg6+ 38. Kf2 Na6 39. Rxb5 Bxb5 40. Nxb5 Nb4
41. Rxa4 Nd3+ 42. Kf1 Rb8 43. Nd6+ Rxd6 44. cxd6 Rxb2 45. fxe4 dxe4 46. d5 Rb1+
47. Ke2 Rb2+ 48. Kf1 Rb1+ 1/2-1/2

[Event "39th Olympiad Khanty-Mansiysk 2010"]
[Site "Khanty-Mansiysk/Russia"]
[Date "2010.09.21"]
[Round "1"]
[White "Garcia, Raul"]
[Black "Pridorozhni, Aleksei"]
[Result "0-1"]
[WhiteElo "2236"]
[BlackElo "2556"]
[PlyCount "72"]
[EventDate "2010.??.??"]
[WhiteTeam "Andorra"]
[BlackTeam "RU3"]
[WhiteTeamCountry "AND"]
[TimeControl "40/5400+30:1800+30"]

1. d4 d6 2. Nf3 Bg4 3. e3 Nd7 4. Be2 Ngf6 5. O-O c6 6. c4 e5 7. dxe5 dxe5 8. b3
Qc7 9. Qc2 e4 10. Nd4 Qe5 11. Bb2 Bd6 12. g3 Qh5 13. Bxg4 Qxg4 14. Kg2 h5 15.
Qd1 Be5 16. Qxg4 hxg4 17. Nc3 O-O-O 18. Rad1 Rh5 19. Nde2 Rdh8 20. Rh1 Nh7 21.
Nf4 Rh6 22. h3 g5 23. Nfe2 gxh3+ 24. Rxh3 Rxh3 25. Kxh3 Nhf6+ 26. Kg2 Ng4 27.
Rf1 Nc5 28. Ba3 Nd3 29. Nxe4 f5 30. Nxg5 Rh2+ 31. Kg1 Ndxf2 32. Nf4 Rh1+ 33.
Kg2 Nxe3+ 34. Kxf2 Nxf1 35. Kg2 Nxg3 36. Kxg3 Rg1+ 0-1

[Event "39th Olympiad Khanty-Mansiysk 2010"]
[Site "Khanty-Mansiysk/Russia"]
[Date "2010.09.21"]
[Round "1"]
[White "Kongsee, Uaychai"]
[Black "Mchedlishvili, Mikheil"]
[Result "0-1"]
[WhiteElo "2235"]
[BlackElo "2628"]
[PlyCount "92"]
[EventDate "2010.??.??"]
[WhiteTeam "Thailand"]
[BlackTeam "Georgia"]
[WhiteTeamCountry "THA"]
[BlackTeamCountry "GEO"]
[TimeControl "40/5400+30:1800+30"]

1. e4 c5 2. Nf3 d6 3. d4 cxd4 4. Nxd4 Nf6 5. Nc3 Nc6 6. Bg5 Bd7 7. Qd2 a6 8.
O-O-O e6 9. f4 Be7 10. Kb1 h6 11. Bxf6 Bxf6 12. Nf3 Be7 13. Bd3 Qa5 14. Rhe1
O-O-O 15. a3 Kb8 16. Na2 Qxd2 17. Rxd2 g5 18. g3 gxf4 19. gxf4 Rhg8 20. Nc3 Rg4
21. Ne2 Rdg8 22. Rdd1 Rg2 23. Rg1 R8g4 24. Kc1 Bf6 25. b3 Kc7 26. Rdf1 h5 27.
h3 Rg7 28. Rxg2 Rxg2 29. Rg1 Rf2 30. Ng5 Nd4 31. Nxd4 Bxd4 32. Rf1 Be3+ 33. Kd1
Rxf1+ 34. Bxf1 Bxf4 35. Nh7 Bc6 36. Bd3 h4 37. Ke2 b5 38. Kf3 Bc1 39. Kg4 Bxa3
40. Ng5 Bb2 41. Nxf7 a5 42. Ng5 a4 43. bxa4 bxa4 44. Nxe6+ Kb6 45. Kf4 Bb5 46.
c4 a3 0-1

[Event "39th Olympiad Khanty-Mansiysk 2010"]
[Site "Khanty-Mansiysk/Russia"]
[Date "2010.09.21"]
[Round "1"]
[White "Dauletova, Gulmira"]
[Black "Smith, Javanna"]
[Result "1-0"]
[WhiteElo "2235"]
[BlackElo "1796"]
[PlyCount "59"]
[EventDate "2010.??.??"]
[WhiteTeam "Kazakhstan"]
[BlackTeam "Trinidad and Tobago"]
[WhiteTeamCountry "KAZ"]
[BlackTeamCountry "TRI"]
[TimeControl "40/5400+30:1800+30"]

1. e4 c5 2. Nf3 Nc6 3. d4 cxd4 4. Nxd4 Nf6 5. Nc3 d6 6. Bc4 e6 7. O-O Be7 8.
Bb3 O-O 9. Be3 a6 10. f4 Qc7 11. f5 Nxd4 12. Bxd4 b5 13. a3 Bd7 14. Qd3 Rac8
15. fxe6 fxe6 16. Qh3 Qc6 17. Bxe6+ Bxe6 18. Qxe6+ Rf7 19. Nd5 Qd7 20. Nxe7+
Qxe7 21. Qxc8+ Rf8 22. Qf5 Qc7 23. Qe6+ Qf7 24. Qxf7+ Rxf7 25. Bxf6 gxf6 26.
Rad1 Kg7 27. Rxd6 a5 28. Rf5 b4 29. Rxa5 bxa3 30. Rxa3 1-0

[Event "39th Olympiad Khanty-Mansiysk 2010"]
[Site "Khanty-Mansiysk/Russia"]
[Date "2010.09.21"]
[Round "1"]
[White "Amer, Karim"]
[Black "Vasquez Schroeder, Rodrig"]
[Result "0-1"]
[WhiteElo "2234"]
[BlackElo "2521"]
[PlyCount "58"]
[EventDate "2010.??.??"]
[WhiteTeam "Pakistan"]
[BlackTeam "Chile"]
[WhiteTeamCountry "PAK"]
[BlackTeamCountry "CHI"]
[TimeControl "40/5400+30:1800+30"]

1. d4 Nf6 2. c4 e6 3. Nf3 Bb4+ 4. Bd2 Qe7 5. g3 Nc6 6. Bg2 Bxd2+ 7. Nbxd2 d6 8.
e4 e5 9. d5 Nb8 10. O-O a5 11. c5 O-O 12. cxd6 cxd6 13. Re1 Na6 14. a3 Nc5 15.
b4 axb4 16. axb4 Rxa1 17. Qxa1 Nd3 18. Rb1 Qc7 19. Qa3 Nxf2 20. Kxf2 Ng4+ 21.
Ke2 Qb6 22. Rf1 Bd7 23. Nc4 Bb5 24. Nfd2 Nxh2 25. Rh1 Ng4 26. Kf3 Qf2+ 27. Kxg4
Bd7+ 28. Kh5 Qf6 29. Qe3 g6+ 0-1

[Event "39th Olympiad Khanty-Mansiysk 2010"]
[Site "Khanty-Mansiysk/Russia"]
[Date "2010.09.21"]
[Round "1"]
[White "Mamedjarova, Zeinab"]
[Black "Nasriddinzoda, Marvorii"]
[Result "1-0"]
[WhiteElo "2234"]
[BlackElo "1943"]
[PlyCount "49"]
[EventDate "2010.??.??"]
[WhiteTeam "Azerbaijan"]
[BlackTeam "Tajikistan"]
[WhiteTeamCountry "AZE"]
[BlackTeamCountry "TJK"]
[TimeControl "40/5400+30:1800+30"]

1. d4 d6 2. Nf3 g6 3. g3 Bg7 4. Bg2 Nd7 5. O-O e5 6. c4 Ne7 7. Nc3 O-O 8. e4
exd4 9. Nxd4 Nc6 10. Nxc6 bxc6 11. Qc2 Qf6 12. Ne2 Ba6 13. Rb1 Rae8 14. b3 Qe7
15. Nc3 Bc8 16. Be3 a6 17. Rbd1 Ne5 18. c5 f5 19. cxd6 cxd6 20. Kh1 fxe4 21.
Nxe4 Bf5 22. Qc1 Bxe4 23. Bxe4 Rc8 24. Bg2 Ng4 25. Qc4+ 1-0

[Event "39th Olympiad Khanty-Mansiysk 2010"]
[Site "Khanty-Mansiysk/Russia"]
[Date "2010.09.21"]
[Round "1"]
[White "Harper, Ryan"]
[Black "Sokolov, Ivan"]
[Result "0-1"]
[WhiteElo "2233"]
[BlackElo "2641"]
[PlyCount "76"]
[EventDate "2010.??.??"]
[WhiteTeam "Trinidad and Tobago"]
[BlackTeam "Bosnia  Herzegovina"]
[WhiteTeamCountry "TRI"]
[BlackTeamCountry "BIH"]
[TimeControl "40/5400+30:1800+30"]

1. e4 e5 2. Nf3 Nc6 3. Bc4 Nf6 4. d3 Bc5 5. c3 d6 6. Bb3 h6 7. h3 Ne7 8. O-O
Bb6 9. Nbd2 g5 10. d4 Ng6 11. dxe5 dxe5 12. Nc4 Qe7 13. Ba4+ Kf8 14. Nh2 Be6
15. Nxb6 axb6 16. Re1 c5 17. Bb5 Ne8 18. Bxe8 Rxe8 19. Qh5 Kg7 20. Nf1 Nf4 21.
Bxf4 exf4 22. Nh2 Qf6 23. e5 Qg6 24. Qxg6+ Kxg6 25. b3 h5 26. Rad1 Rd8 27. Nf3
g4 28. hxg4 hxg4 29. Nh2 Ra8 30. Rd6 Kf5 31. c4 Rh7 32. f3 g3 33. Ng4 Rxa2 34.
Rxb6 Kg5 35. b4 Bxg4 36. fxg4 f3 37. gxf3 g2 38. f4+ Kxg4 0-1

[Event "39th Olympiad Khanty-Mansiysk 2010"]
[Site "Khanty-Mansiysk/Russia"]
[Date "2010.09.21"]
[Round "1"]
[White "Heinatz, Gundula"]
[Black "Vilhete, Vania Fausto Da"]
[Result "1-0"]
[WhiteElo "2228"]
[BlackElo "1723"]
[PlyCount "55"]
[EventDate "2010.??.??"]
[WhiteTeam "Switzerland"]
[BlackTeam "Mozambique"]
[WhiteTeamCountry "SUI"]
[BlackTeamCountry "MOZ"]
[TimeControl "40/5400+30:1800+30"]

1. d4 d5 2. Nf3 Nf6 3. g3 e6 4. Bg2 Be7 5. O-O O-O 6. c4 Nc6 7. b3 b6 8. Bb2
Bb7 9. cxd5 exd5 10. Nc3 Re8 11. Rc1 Bd6 12. Nb5 Ne4 13. Nxd6 Qxd6 14. Ne5 Ne7
15. Qc2 Rac8 16. Bh3 f5 17. f3 Qh6 18. fxe4 Qxh3 19. exf5 Rf8 20. g4 Rf6 21.
Qd3 Qh4 22. Qg3 Qg5 23. Rc2 Rff8 24. Nd7 Rfe8 25. Bc1 Nxf5 26. Rxf5 Qe7 27. Ne5
c5 28. Rf7 1-0

[Event "39th Olympiad Khanty-Mansiysk 2010"]
[Site "Khanty-Mansiysk/Russia"]
[Date "2010.09.21"]
[Round "1"]
[White "Matthews, Shane"]
[Black "Hansen, Torbjorn Ringdal"]
[Result "0-1"]
[WhiteElo "2227"]
[BlackElo "2429"]
[PlyCount "63"]
[EventDate "2010.??.??"]
[WhiteTeam "Jamaica"]
[BlackTeam "Norway"]
[WhiteTeamCountry "JAM"]
[BlackTeamCountry "NOR"]
[TimeControl "40/5400+30:1800+30"]

1. e4 e5 2. Nf3 Nc6 3. Bb5 a6 4. Ba4 Nf6 5. d4 exd4 6. e5 Ne4 7. O-O Be7 8. Re1
Nc5 9. Bxc6 dxc6 10. Nxd4 O-O 11. Nc3 Qd7 12. h3 b5 13. a3 Rb8 14. b4 Nb7 15.
Bb2 c5 16. bxc5 Nxc5 17. Nf3 Bb7 18. Qxd7 Nxd7 19. a4 Nb6 20. axb5 Nc4 21. Rab1
Bxf3 22. gxf3 Nd2 23. Kg2 Nxb1 24. Rxb1 axb5 25. Nd5 Bd8 26. Ba3 Re8 27. f4 Ra8
28. Bc5 f6 29. exf6 gxf6 30. Bd4 Ra6 31. Kf3 Rd6 32. Rxb5 0-1

[Event "39th Olympiad Khanty-Mansiysk 2010"]
[Site "Khanty-Mansiysk/Russia"]
[Date "2010.09.21"]
[Round "1"]
[White "Vasquez Ramirez, Rocio"]
[Black "Emhemed, Inas"]
[Result "1-0"]
[WhiteElo "2227"]
[BlackElo "1493"]
[PlyCount "43"]
[EventDate "2010.??.??"]
[WhiteTeam "Ecuador"]
[BlackTeam "Libya"]
[WhiteTeamCountry "ECU"]
[BlackTeamCountry "LBY"]
[TimeControl "40/5400+30:1800+30"]

1. d4 Nf6 2. Nf3 e6 3. c4 c6 4. Nc3 d5 5. e3 Nbd7 6. Bd3 dxc4 7. Bxc4 Nb6 8.
Bd3 Bd6 9. O-O Nbd5 10. e4 Nxc3 11. bxc3 Bc7 12. Ba3 Bd7 13. Rb1 b6 14. Qd2 Nh5
15. e5 g6 16. g4 Ng7 17. Qh6 c5 18. Qxg7 Rf8 19. Be4 Rb8 20. dxc5 f5 21. c6 Rf7
22. Qg8+ 1-0

[Event "39th Olympiad Khanty-Mansiysk 2010"]
[Site "Khanty-Mansiysk/Russia"]
[Date "2010.09.21"]
[Round "1"]
[White "Urbina, Ricardo"]
[Black "Shengelia, David"]
[Result "0-1"]
[WhiteElo "2226"]
[BlackElo "2587"]
[PlyCount "56"]
[EventDate "2010.??.??"]
[WhiteTeam "Honduras"]
[BlackTeam "Austria"]
[WhiteTeamCountry "HON"]
[BlackTeamCountry "AUT"]
[TimeControl "40/5400+30:1800+30"]

1. e4 c5 2. Nf3 d6 3. Be2 Nc6 4. c3 Nf6 5. d3 g6 6. Bg5 Bg7 7. Qc1 h6 8. Be3 b6
9. h3 Bb7 10. O-O g5 11. Nh2 d5 12. Ng4 Nxg4 13. hxg4 d4 14. Bd2 Qd7 15. c4 Ne5
16. Qd1 Bc8 17. f3 Ng6 18. g3 h5 19. Bxg5 hxg4 20. fxg4 Qd6 21. Kg2 Be5 22. Qe1
Be6 23. a4 a5 24. Na3 O-O-O 25. Nb5 Qd7 26. Rf5 f6 27. Bd2 Bxf5 28. exf5 Qb7+
0-1

[Event "39th Olympiad Khanty-Mansiysk 2010"]
[Site "Khanty-Mansiysk/Russia"]
[Date "2010.09.21"]
[Round "1"]
[White "Solic, Kristina"]
[Black "Alderete, Jazmin"]
[Result "1-0"]
[WhiteElo "2225"]
[BlackElo "1568"]
[PlyCount "79"]
[EventDate "2010.??.??"]
[WhiteTeam "Croatia"]
[BlackTeam "Paraguay"]
[WhiteTeamCountry "CRO"]
[BlackTeamCountry "PAR"]
[TimeControl "40/5400+30:1800+30"]

1. e4 e5 2. Nf3 d6 3. d4 exd4 4. Nxd4 Nf6 5. Nc3 Be7 6. g3 O-O 7. Bg2 a6 8. O-O
c5 9. Nde2 Nc6 10. Nf4 Re8 11. Ncd5 Bf8 12. Nxf6+ Qxf6 13. Nd5 Qd8 14. Be3 Be6
15. a4 b6 16. f4 Bxd5 17. Qxd5 Qc7 18. Rad1 Rad8 19. Qc4 a5 20. Bf2 Nb8 21. g4
Qc8 22. h3 Qa6 23. Qb3 Nd7 24. Bh4 c4 25. Qc3 f6 26. Rfe1 Be7 27. Bf1 Kh8 28.
Bxc4 Qb7 29. Bd5 Qa7 30. Qd4 Rc8 31. c3 Nc5 32. Ra1 Qd7 33. f5 Qc7 34. Kg2 Bf8
35. Bf2 Nd7 36. Red1 Ne5 37. Qxb6 Nc4 38. Qxc7 Rxc7 39. b3 Nb6 40. Bxb6 1-0

[Event "39th Olympiad Khanty-Mansiysk 2010"]
[Site "Khanty-Mansiysk/Russia"]
[Date "2010.09.21"]
[Round "1"]
[White "Chumfwa, Kelvin"]
[Black "Bindrich, Falko"]
[Result "0-1"]
[WhiteElo "2224"]
[BlackElo "2507"]
[PlyCount "160"]
[EventDate "2010.??.??"]
[WhiteTeam "Zambia"]
[BlackTeam "Germany"]
[WhiteTeamCountry "ZAM"]
[BlackTeamCountry "GER"]
[TimeControl "40/5400+30:1800+30"]

1. d4 Nf6 2. Nf3 d5 3. c4 e6 4. g3 dxc4 5. Bg2 a6 6. O-O Nc6 7. Nc3 Rb8 8. e4
Be7 9. d5 Nb4 10. Ne5 exd5 11. Nxd5 O-O 12. Nxb4 Bxb4 13. a3 Bc5 14. Nxc4 Qxd1
15. Rxd1 Ng4 16. Ne3 Nxe3 17. Bxe3 Bxe3 18. fxe3 Bg4 19. Rd4 Rfe8 20. Rc1 c6
21. Rc5 Re7 22. Kf2 Rbe8 23. Bf3 Bc8 24. g4 f6 25. Kg3 Kf7 26. h4 Re5 27. Rc2
a5 28. Kf4 Ke7 29. g5 Rb5 30. gxf6+ Kxf6 31. a4 Rb3 32. Rg2 Rf8 33. Re2 Ke6+
34. Kg3 Ke5 35. Rc4 Kd6 36. e5+ Ke7 37. Rc5 Be6 38. Rxa5 Bc4 39. Re1 Rxb2 40.
Be4 h6 41. Rb1 Rff2 42. Rxb2 Rxb2 43. Rc5 Rb4 44. Bc2 Be6 45. e4 Bc4 46. Kf4
Kd7 47. a5 Kc7 48. e6 Bxe6 49. Bd3 Ra4 50. Ke5 Bd7 51. Bc4 Ra1 52. Bf7 Rg1 53.
Kd4 Kd6 54. Rc2 Rd1+ 55. Ke3 Re1+ 56. Kd3 Ke5 57. Bg6 Ra1 58. Rb2 Ra3+ 59. Kc4
Ra4+ 60. Kc3 Bc8 61. Rf2 Rxa5 62. Rf7 Rc5+ 63. Kb4 Rb5+ 64. Kc3 Be6 65. Rf8
Rb3+ 66. Kc2 Rg3 67. h5 Bc4 68. Re8+ Kd4 69. Rd8+ Kc5 70. e5 Re3 71. Rd7 b5 72.
Rxg7 b4 73. Rh7 b3+ 74. Kd2 Re2+ 75. Kd1 Kd4 76. Rxh6 b2 77. Rh8 Ke3 78. Rb8
Rd2+ 79. Ke1 Rg2 80. Kd1 Be2+ 0-1

[Event "39th Olympiad Khanty-Mansiysk 2010"]
[Site "Khanty-Mansiysk/Russia"]
[Date "2010.09.21"]
[Round "1"]
[White "Oussedik, Mahfoud"]
[Black "Magem Badals, Jordi"]
[Result "0-1"]
[WhiteElo "2222"]
[BlackElo "2589"]
[PlyCount "66"]
[EventDate "2010.??.??"]
[WhiteTeam "Algeria"]
[BlackTeam "Espana"]
[WhiteTeamCountry "ALG"]
[BlackTeamCountry "ESP"]
[TimeControl "40/5400+30:1800+30"]

1. c4 c6 2. g3 d5 3. Bg2 Nf6 4. Nf3 dxc4 5. O-O Nbd7 6. Qc2 Nb6 7. a4 a5 8. Na3
Be6 9. Ng5 Bg4 10. Re1 h6 11. Nf3 Qd5 12. Nh4 Qe6 13. Bf1 g5 14. Ng2 Bf5 15.
Qc3 Nxa4 16. Qxc4 Nb6 17. Qd4 Nbd7 18. e4 Bh3 19. Nc4 Bg7 20. Rxa5 O-O 21. Qe3
b5 22. Rxa8 Rxa8 23. Na3 Ng4 24. Qe2 Qb3 25. Ne3 Bxf1 26. Qxg4 Nf6 27. Qd1 Qxd1
28. Nxd1 Bd3 29. f3 b4 30. Nf2 bxa3 31. bxa3 Bb5 32. d4 Nd7 33. Bb2 Nb6 0-1

[Event "39th Olympiad Khanty-Mansiysk 2010"]
[Site "Khanty-Mansiysk/Russia"]
[Date "2010.09.21"]
[Round "1"]
[White "Eric, Jovana"]
[Black "Kareen, Jalaluldeen"]
[Result "1-0"]
[WhiteElo "2218"]
[BlackElo "1790"]
[PlyCount "73"]
[EventDate "2010.??.??"]
[WhiteTeam "SRB"]
[BlackTeam "Iraq"]
[BlackTeamCountry "IRQ"]
[TimeControl "40/5400+30:1800+30"]

1. e4 e6 2. d4 d5 3. Nd2 c5 4. exd5 exd5 5. Ngf3 Nf6 6. Bb5+ Bd7 7. Bxd7+ Nbxd7
8. O-O Be7 9. dxc5 Nxc5 10. Nd4 O-O 11. N2f3 Rc8 12. Nf5 Re8 13. N3d4 Bd6 14.
Bg5 Nce4 15. Bh4 g5 16. Bg3 Bxg3 17. hxg3 Nd6 18. Ne3 Qd7 19. Nf3 Nde4 20. Qd4
g4 21. Nh4 Qe6 22. Nhf5 b6 23. Nxg4 Rc4 24. Ngh6+ Kf8 25. Qd3 Ng8 26. Qa3+ Nc5
27. Rae1 Re4 28. Rxe4 dxe4 29. Qc3 Qg6 30. Nxg8 Qxf5 31. Qh8 Qg6 32. Nf6+ Ke7
33. Nxe8 Ne6 34. Rd1 f5 35. Nd6 Nc5 36. Qe5+ Kf8 37. Nxf5 1-0

[Event "39th Olympiad Khanty-Mansiysk 2010"]
[Site "Khanty-Mansiysk/Russia"]
[Date "2010.09.21"]
[Round "1"]
[White "Oatlhotse, Providence"]
[Black "Nguyen, Ngoc Truong Son"]
[Result "0-1"]
[WhiteElo "2213"]
[BlackElo "2633"]
[PlyCount "82"]
[EventDate "2010.??.??"]
[WhiteTeam "Botswana"]
[BlackTeam "Vietnam"]
[WhiteTeamCountry "BOT"]
[BlackTeamCountry "VIE"]
[TimeControl "40/5400+30:1800+30"]

1. d4 d5 2. c4 c6 3. Nf3 Nf6 4. Nc3 dxc4 5. a4 Bf5 6. e3 e6 7. Bxc4 Nbd7 8. O-O
Bb4 9. Qe2 Bg6 10. e4 O-O 11. e5 Nd5 12. Bg5 Be7 13. Bxe7 Qxe7 14. a5 Qb4 15.
Nxd5 cxd5 16. Bb5 Nb8 17. Ra4 Qe7 18. Rc1 a6 19. Bd3 Nc6 20. Bxg6 fxg6 21. Qd2
Rf7 22. Qg5 Qd7 23. Qh4 h6 24. Ra3 Raf8 25. Qg4 g5 26. g3 Rf5 27. Rcc3 Qe8 28.
Qh3 Qg6 29. Qf1 g4 30. Nh4 Rxf2 31. Qxf2 Qb1+ 32. Kg2 Rxf2+ 33. Kxf2 Qxb2+ 34.
Kg1 Nxd4 35. Rc8+ Kh7 36. Re3 Qd2 37. Ng2 Nf3+ 38. Kf1 Nxh2+ 39. Kg1 Nf3+ 40.
Kf1 d4 41. Re4 Qd1+ 0-1

[Event "39th Olympiad Khanty-Mansiysk 2010"]
[Site "Khanty-Mansiysk/Russia"]
[Date "2010.09.21"]
[Round "1"]
[White "Angulo, P  Carlos"]
[Black "Sebenik, Matej"]
[Result "0-1"]
[WhiteElo "2210"]
[BlackElo "2516"]
[PlyCount "138"]
[EventDate "2010.??.??"]
[WhiteTeam "Bolivia"]
[BlackTeam "Slovenia"]
[WhiteTeamCountry "BOL"]
[BlackTeamCountry "SLO"]
[TimeControl "40/5400+30:1800+30"]

1. d4 d5 2. c4 c6 3. Nf3 Nf6 4. Nc3 dxc4 5. a4 Bf5 6. e3 e6 7. Bxc4 Bb4 8. O-O
O-O 9. Qb3 Qb6 10. Na2 Bd6 11. Re1 Nbd7 12. Nh4 Qc7 13. h3 Nb6 14. Nc3 Nxc4 15.
Qxc4 Be4 16. Bd2 Rfd8 17. Rec1 Rac8 18. Be1 Bd5 19. Nxd5 exd5 20. Qd3 a6 21.
Nf3 Qe7 22. Bc3 Ne4 23. Nd2 Bb8 24. Ba5 Rd7 25. f3 Nxd2 26. Bxd2 Qd6 27. f4 Re7
28. b4 Re4 29. b5 axb5 30. axb5 g5 31. bxc6 bxc6 32. Qa6 Ree8 33. Rf1 h5 34.
Qe2 Qg6 35. f5 Qh6 36. Qf3 Re4 37. f6 Rce8 38. Qf5 g4 39. Kh1 Kh8 40. Ra8 gxh3
41. gxh3 h4 42. Rb1 Bg3 43. Rxe8+ Rxe8 44. Rb7 Qh7 45. Qxh7+ Kxh7 46. Rxf7+ Kg6
47. Rb7 Kxf6 48. Kg2 Ke6 49. Bb4 Ra8 50. Re7+ Kf5 51. Kf3 Ra4 52. Rf7+ Kg6 53.
Rb7 Kf5 54. Rf7+ Kg6 55. Rb7 Ra1 56. Bc5 Rf1+ 57. Kg4 Rg1 58. Rd7 Be1+ 59. Kf3
Bd2 60. e4 dxe4+ 61. Kxe4 Re1+ 62. Kd3 Bf4 63. Re7 Rh1 64. Ke4 Bg5 65. Re6+ Kh5
66. Rxc6 Rxh3 67. d5 Rh1 68. Kf3 Rd1 69. Bf2 h3 0-1

[Event "39th Olympiad Khanty-Mansiysk 2010"]
[Site "Khanty-Mansiysk/Russia"]
[Date "2010.09.21"]
[Round "1"]
[White "Fakhiridou, Ekaterini"]
[Black "Vazquez, Maccarini Danitz"]
[Result "1-0"]
[WhiteElo "2208"]
[BlackElo "1818"]
[PlyCount "57"]
[EventDate "2010.??.??"]
[WhiteTeam "Greece"]
[BlackTeam "Puerto Rico"]
[WhiteTeamCountry "GRE"]
[BlackTeamCountry "PUR"]
[TimeControl "40/5400+30:1800+30"]

1. e4 c5 2. Nf3 e6 3. d4 cxd4 4. Nxd4 a6 5. Nc3 Qc7 6. Bd3 Nf6 7. O-O Be7 8. a4
d6 9. a5 Nbd7 10. Nb3 O-O 11. Qe2 e5 12. Be3 Nc5 13. Nxc5 dxc5 14. Bc4 Bd7 15.
f3 Bc6 16. Qf2 Bd7 17. g4 Be6 18. Qe2 Bxc4 19. Qxc4 Qc6 20. g5 Nd7 21. Qd5 Qxd5
22. Nxd5 Bd6 23. Rfd1 Rfd8 24. Rd2 c4 25. Rad1 Bc5 26. Bxc5 Kh8 27. Nb6 Rab8
28. Rxd7 Rxd7 29. Rxd7 1-0